Map: Abyssal Reef LE

Players

GAMETIME

  • Race: Zerg Zerg
  • Spawn Location: 5:00

iaguz - Winner!

  • Race: Terran Terran
  • Spawn Location: 11:00

Event: WCS Austin 2017

VOD

Have the link to the VOD?

Description

Time

  • Played on: April 28, 2017, 8:54 p.m.
  • Length: 6:10

All games in this series

Show
View Real Time Build Order
Export as new Build Order

GAMETIME Zerg 

Build Orders: Hatch First, Zergling Baneling 

Get SALT Encoding   

  12  0:00  Drone  
  13  0:12  Overlord  
  13  0:17  Drone  
  14  0:30  Drone  
  14  0:31  Drone  
  14  0:34  Drone  
  17  0:52  Hatchery  
  17  0:56  Drone  
  17  0:58  Drone  
  18  1:05  Extractor  
  17  1:14  Spawning Pool  
  17  1:16  Drone  
  17  1:19  Drone  
  18  1:28  Drone  
  19  1:38  Overlord  
  19  1:58  Drone  
  20  2:02  Queen  
  20  2:03  Queen  
  20  2:04  Zergling x4  
  20  2:06  Metabolic Boost  
  26  2:13  Zergling x2  
  27  2:29  Zergling x4, Baneling Nest  
  29  2:30  Zergling x2  
  29  2:32  Zergling x2  
  30  2:37  Overlord  
  30  2:43  Zergling x2  
  31  2:46  Zergling x2  
  32  2:54  Zergling x2  
  32  2:57  Zergling x2  
  34  3:05  Zergling x2  
  34  3:08  Zergling x2  
  34  3:10  Zergling x6  
  34  3:12  Zergling x2  
  40  3:14  Baneling x2  
  40  3:15  Baneling  
  40  3:16  Baneling  
  40  3:18  Baneling  
  40  3:20  Baneling  
  40  3:25  Zergling x2  
  39  3:34  Zergling x2  
  39  3:35  Zergling x2  
  39  3:36  Zergling x4  
  39  3:41  Zergling x2  
  39  3:46  Zergling x2  
  39  3:47  Zergling x2  
  35  3:52  Zergling x4  
  34  3:57  Zergling x2  
  34  3:59  Zergling x2  
  34  4:02  Zergling x2  
  37  4:06  Baneling x2  
  37  4:07  Baneling  
  37  4:09  Baneling  
  37  4:11  Baneling  
  37  4:14  Zergling x2  
  38  4:19  Zergling x2  
  38  4:23  Baneling  
  39  4:25  Zergling x2  
  39  4:27  Zergling x2  
  39  4:29  Zergling x2  
  42  4:35  Overlord  
  42  4:52  Zergling x2  
  42  4:53  Zergling x4  
  37  5:06  Zergling x12  
  36  5:09  Zergling x2  
  36  5:11  Baneling  
  36  5:12  Baneling  
  37  5:14  Baneling  
  37  5:15  Baneling  
  37  5:17  Baneling  
  37  5:18  Baneling  
  37  5:22  Drone  
  37  5:26  Zergling x2  
  39  5:28  Zergling x2  
  39  5:33  Zergling x2  
  41  5:35  Baneling x2  
  41  5:39  Zergling x2  
  42  5:43  Zergling x2  
  42  5:48  Zergling x2  
  42  5:49  Zergling x2  
Show
View Real Time Build Order
Export as new Build Order

iaguz Terran - Winner!

Build Orders:  

Get SALT Encoding   

  12  0:00  SCV  
  13  0:13  SCV  
  14  0:17  Supply Depot  
  14  0:25  SCV  
  15  0:38  SCV  
  15  0:39  Barracks  
  16  0:43  Refinery  
  16  0:50  SCV  
  17  1:03  SCV  
  18  1:15  SCV  
  19  1:27  Barracks Reactor, Orbital Command  
  19  1:41  Command Center  
  19  1:48  Supply Depot  
  19  1:53  SCV  
  20  2:03  Marine x2  
  20  2:05  SCV  
  23  2:12  Factory  
  23  2:17  SCV  
  23  2:21  Marine x2  
  26  2:23  Refinery  
  26  2:29  SCV  
  27  2:41  SCV  
  28  2:47  Marine  
  29  2:52  Orbital Command  
  29  2:53  SCV  
  30  3:02  Cyclone  
  30  3:04  Cyclone  
  36  3:05  SCV  
  36  3:07  Marine  
  38  3:13  Supply Depot  
  38  3:17  SCV  
  38  3:19  SCV  
  40  3:30  SCV  
  40  3:31  Marine  
  40  3:32  SCV  
  39  3:34  Hellion  
  39  3:36  Hellion  
  40  3:42  SCV  
  40  3:48  SCV  
  42  3:50  Marine  
  42  3:54  SCV  
  44  3:57  Hellion  
  44  4:01  Hellion  
  48  4:04  SCV  
  48  4:08  SCV  
  50  4:14  Barracks Tech Lab  
  50  4:23  Hellion  
  50  4:24  SCV  
  53  4:27  Hellion  
  53  4:28  SCV  
  52  4:33  Marine  
  52  4:36  Orbital Command  
  52  4:38  SCV  
  54  4:48  Hellion  
  54  4:50  SCV  
  46  5:01  Marine  
  46  5:02  SCV  
  46  5:06  SCV  
  49  5:09  Supply Depot  
  49  5:13  Command Center  
  49  5:14  Supply Depot  
  49  5:17  Barracks  
  49  5:20  SCV x2  
  49  5:25  Barracks  
  49  5:27  Factory Reactor  
  49  5:32  SCV x2  
  49  5:33  Marine  
  52  5:39  Engineering Bay  
  52  5:40  Engineering Bay  
  52  5:44  SCV  
  52  5:47  SCV  
  54  5:51  Marine  
Tags
 
Add a new tag
Caveats
  • Supply blocks, unpowered buildings, or Contaminate may cause inaccurate times.
  • Supply counts are checked every 10 seconds.